 Dungeon Crawl Stone Soup version 0.17-a0-1760-ga6756ae (webtiles) character file.

93 kae the Slasher (level 4, 0/29 HPs)
             Began as a High Elf Skald on Sept 3, 2015.
             Slain by a jackal (2 damage)
             ... on level 2 of the Dungeon.
             The game lasted 00:03:49 (2768 turns).

kae the Slasher (High Elf Skald)                    Turns: 2768, Time: 00:03:49

Health: 0/29       AC: 12    Str: 11    XL:     4   Next: 37%
Magic:  8/8        EV:  2    Int: 16    God:
Gold:   73         SH:  0    Dex: 15    Spells: 1 memorised, 6 levels left

rFire  . . .     SeeInvis .     a - +0 falchion
rCold  . . .     Clarity  .     l - +0 plate armour
rNeg   . . .     SustAt   .     (no shield)
rPois  .         Gourm    .     (no helmet)
rElec  .         Spirit   .     (no cloak)
rCorr  .         Warding  .     j - +1 pair of gloves
rMut   .         Stasis   .     (no boots)
MR     .....                    (no amulet)
Stlth  ..........               (no ring)
                                (no ring)

@: not resistant to hostile enchantments, extremely unstealthy
A: no striking features
a: no special abilities


You were on level 2 of the Dungeon.
You were not hungry.

You visited 1 branch of the dungeon, and saw 3 of its levels.

You collected 73 gold pieces.

Inventory:

Hand weapons
 a - a +0 falchion (weapon)
Armour
 b - a +0 leather armour
 j - a +1 pair of gloves (worn)
 l - a +0 plate armour (worn)
Jewellery
 h - a +5 ring of intelligence {unknown}
Books
 c - a book of Battle

   Spells                             Type                      Level
   a - Infusion                       Charms                       1
   b - Shroud of Golubria             Charms/Translocation         2
   c - Song of Slaying                Charms                       2
   d - Spectral Weapon                Hexes/Charms                 3
   e - Regeneration                   Charms/Necromancy            3
Comestibles
 d - 2 bread rations
 g - a slice of pizza
 i - 2 meat rations
 k - 3 fruits
 m - a royal jelly


   Skills:
 - Level 2.0 Fighting
 + Level 5.6 Long Blades
 - Level 0.8 Armour
 - Level 1.1 Dodging
 - Level 2.4 Spellcasting
 - Level 3.6 Charms


You had 6 spell levels left.
You knew the following spells:

 Your Spells              Type           Power        Failure   Level  Hunger
a - Infusion              Chrm           ##....       100%        1    #......


Dungeon Overview and Level Annotations

Branches:
Dungeon (3/15)

Altars:
Kikubaaqudgha
Xom

Annotations:
D:2 Sigmund


Message History

You hit the jackal.
You kill the jackal!
The jackal bites you but does no damage.
You closely miss the jackal.
The jackal is severely wounded.
The jackal barely misses you.
The jackal bites you but does no damage.
You closely miss the jackal.
The jackal is severely wounded.
The jackal bites you but does no damage. x2
The jackal bites you.
* * * LOW HITPOINT WARNING * * *
Your plate armour prevents you from hitting the jackal.
The jackal is severely wounded.
The jackal barely misses you. The jackal bites you.
* * * LOW HITPOINT WARNING * * *
You closely miss the jackal.
The jackal is severely wounded.
The jackal bites you.
You die...

#....# ### #### #....# ##.## #...
#....### ##...## ###.##
#......###.....#######...#
#....#..........##......###
#....###........(.........#
#####..#####.................#
#..........#.......##.......(.
#..........##@...............#
####...>.......hh...)>[..........
..##............##.#####....#...#
...#..........#....###........###
....###.####.....###...#.......#
..........................#....##
....###.###..##.....g.<.........#
........# #.###.....#####.###...#
..##....# #. #.....##....# #....


You could see 2 jackals.

Vanquished Creatures
  Terence (D:2)
  2 adders (D:2)
  A worm (D:2)
  A giant gecko (D:2)
  2 orcs (D:2)
  2 ball pythons (D:2)
  5 bats
  2 giant cockroaches
  7 goblins
  4 hobgoblins
  5 kobolds
  A giant newt (D:2)
  6 jackals
  4 rats
43 creatures vanquished.

Notes
Turn   | Place    | Note
--------------------------------------------------------------
     0 | D:1      | kae the High Elf Skald began the quest for the Orb.
     0 | D:1      | Reached XP level 1. HP: 14/14 MP: 4/4
   445 | D:1      | Reached XP level 2. HP: 6/19 MP: 6/6
  1180 | D:1      | Reached skill level 4 in Long Blades
  1252 | D:2      | Reached XP level 3. HP: 15/24 MP: 7/7
  1566 | D:2      | Noticed Sigmund
  1832 | D:3      | Found an ancient bone altar of Kikubaaqudgha.
  1832 | D:3      | Found a shimmering altar of Xom.
  2372 | D:2      | Noticed Terence
  2412 | D:2      | Killed Terence
  2412 | D:2      | Reached skill level 5 in Long Blades
  2412 | D:2      | Reached XP level 4. HP: 9/29 MP: 8/8
  2768 | D:2      | Slain by a jackal

Vault maps used:
D:1:      sevenhm_arrival_forest_fort_small_6
D:2:      minmay_divided_ellipse, uniq_sigmund, uniq_terence
D:3:      amethyst_overflow_temple_binary, first_bread, portal_sewer_entry_f

Action                   |  1- 3 |  4- 6 || total
-------------------------+-------+-------++-------
Melee: Falchion          |   152 |    36 ||   188
 Cast: Infusion          |     2 |       ||     2
  Use: Potion            |     4 |       ||     4
       Scroll            |     2 |     1 ||     3
 Stab: Sleeping          |     1 |       ||     1
  Eat: Chunk             |     4 |     2 ||     6
